 Dungeon Crawl Stone Soup version 0.21.1-1-g345015f (webtiles) character file.

1385 prawnwizard the Thaumaturge (level 8, -1/58 HPs)
             Began as a Gnoll Wizard on July 17, 2018.
             Was an Initiate of Ashenzari.
             Shot with an arrow by a centaur (11 damage)
             ... on level 6 of the Dungeon.
             The game lasted 00:20:26 (8605 turns).

prawnwizard the Thaumaturge (Gnoll Wizard)          Turns: 8605, Time: 00:20:27

Health: -1/58      AC:  4    Str: 11    XL:     8   Next: 67%
Magic:  13/20      EV: 16    Int: 22    God:    Ashenzari [......]
Gold:   289        SH:  0    Dex: 18    Spells: 12/23 levels left

rFire    . . .     SeeInvis .   n - +0 quarterstaff (protect)
rCold    . . .     Gourm    .   (shield currently unavailable)
rNeg     . . .     Faith    .   o - +2 robe {MR+}
rPois    .         Spirit   .   b - +0 hat
rElec    .         Reflect  .   g - scarf {cloud immunity}
rCorr    .         Harm     .   (no gloves)
MR       ++...                  (no boots)
Stlth    +++.......             (no amulet)
HPRegen  0.19/turn              k - ring of protection from magic
MPRegen  0.17/turn              r - +5 ring of dexterity

@: no status effects
A: distributed training, fangs 1, strong nose
a: Curse Item, Renounce Religion


You were on level 6 of the Dungeon.
You worshipped Ashenzari.
Ashenzari was noncommittal.
You were not hungry.

You visited 2 branches of the dungeon, and saw 7 of its levels.

You collected 289 gold pieces.

Inventory:

Hand Weapons
 n - a +0 quarterstaff of protection (weapon)
Armour
 a - a +0 robe
 b - a +0 hat (worn)
 g - a scarf of cloud immunity (worn)
 o - a +2 robe of magic resistance (worn)
Jewellery
 k - a ring of protection from magic (left hand)
 r - a +5 ring of dexterity (right hand)
Scrolls
 h - a scroll of immolation
 j - 3 scrolls of teleportation
 q - a scroll of identify
Potions
 e - 5 potions of curing
 f - a potion of mutation {unknown}
 i - a potion of heal wounds
 l - a potion of ambrosia {unknown}
 m - 3 potions of flight
 p - a potion of agility {unknown}
 u - a potion of resistance {unknown}
 w - 2 potions of magic {unknown}
Books
 c - a book of Minor Magic

   Spells                             Type                      Level
   a - Magic Dart                     Conjuration                  1
   b - Blink                          Translocation                2
   c - Call Imp                       Summoning                    2
   d - Slow                           Hexes                        2
   e - Conjure Flame                  Conjuration/Fire             3
   f - Mephitic Cloud                 Conjuration/Poison/Air       3
Comestibles
 d - 6 rations
 v - 4 chunks of flesh


   Skills:
 + Level 3.4 Fighting
 + Level 3.4 Short Blades
 + Level 3.4 Long Blades
 + Level 3.4 Axes
 + Level 3.4 Maces & Flails
 + Level 3.4 Polearms
 + Level 3.4 Staves
 + Level 3.4 Slings
 + Level 3.4 Bows
 + Level 3.4 Crossbows
 + Level 3.4 Throwing
 + Level 3.4 Armour
 + Level 5.8 Dodging
 + Level 5.4 Stealth
 + Level 3.4 Shields
 + Level 3.4 Unarmed Combat
 + Level 8.0 Spellcasting
 + Level 3.5 Conjurations
 + Level 2.8 Hexes
 + Level 2.8 Charms
 + Level 3.5 Summonings
 + Level 2.8 Necromancy
 + Level 3.5 Translocations
 + Level 2.8 Transmutations
 + Level 2.8 Fire Magic
 + Level 2.8 Ice Magic
 + Level 2.8 Air Magic
 + Level 2.8 Earth Magic
 + Level 2.8 Poison Magic
 + Level 3.7 Invocations
 + Level 3.4 Evocations


You had 12 spell levels left.
You knew the following spells:

 Your Spells              Type           Power        Failure   Level  Hunger
a - Magic Dart            Conj           ###.         1%          1    None
b - Blink                 Tloc           N/A          2%          2    None
c - Call Imp              Summ           ###.....     2%          2    None
d - Conjure Flame         Conj/Fire      ###.....     6%          3    None
e - Mephitic Cloud        Conj/Pois/Air  ###.....     6%          3    None


Dungeon Overview and Level Annotations

Branches:
Dungeon (6/15)             Temple (1/1) D:6

Altars:
Ashenzari
Dithmenos
Elyvilon
Gozag
Kikubaaqudgha
Makhleb
Nemelex Xobeh
Okawaru
Qazlal
Ru
Sif Muna
Trog
Uskayaw
Vehumet
Wu Jian
Xom
Yredelemnul
Zin
The Shining One

Shops:
D:6 *


Innate Abilities, Weirdness & Mutations

Your experience applies equally to all skills.
You have very sharp teeth.
Your uncanny sense of smell can sniff out nearby items.


Message History

Casting: Magic Dart
Confirm with . or Enter, or press ? or * to list all spells.
Aiming: Magic Dart
Press: ? - help, Shift-Dir - straight line, f/p - centaur
Aim: a centaur, wielding a shortbow (heavily wounded)
The magic dart hits the centaur.
The centaur is heavily wounded.
The bullfrog hits you! The centaur hits you with a shortbow!
Casting: Magic Dart
Confirm with . or Enter, or press ? or * to list all spells.
A beastly little devil appears in a puff of flame.
The bullfrog closely misses you. The centaur misses you. The bullfrog hits you.
The centaur hits you with a shortbow!
* * * LOW HITPOINT WARNING * * *
The bullfrog hits you.
* * * LOW HITPOINT WARNING * * *
The centaur shoots an arrow.
The arrow hits your crimson imp!!
Your crimson imp dies!
The centaur shoots an arrow.
The arrow hits you!
You die...

#. #.#
##..⌠.⌠.....#
.. #.#
#..8.>.8..###
..#
#...⌠.⌠...#
.##
#..8.8.8..####
#.............
#..#..########
. #..#.## ...
##.##.#
#...##(.F@.#
#......(###
####..c##
#.....#
#...#....
#...###.....
#.#. ....(..
#.. .....%.
... #......


You could see a bullfrog and a centaur.

Vanquished Creatures
  Sigmund (D:2)
  An ice beast (D:5)
  A phantom (D:4)
  2 sky beasts (D:5)
  A centaur (D:5)
  A big kobold (D:5)
  2 bullfrogs (D:6)
  A water moccasin zombie (D:5)
  A howler monkey (D:6)
  A crimson imp (D:5)
  A hound (D:5)
  A centaur zombie (D:5)
  4 orc wizards
  2 bullfrog skeletons (D:5)
  2 orc priests (D:4)
  A worker ant (D:4)
  3 gnolls (D:3)
  8 adders
  A shadow imp (D:5)
  2 oozes (D:3)
  An adder skeleton (D:5)
  An adder zombie (D:5)
  5 worms
  3 leopard geckos
  9 orcs
  6 giant cockroaches
  9 goblins
  6 hobgoblins
  4 jackals (D:4)
  A quokka (D:2)
  5 bats
  7 frilled lizards
  14 kobolds
  A leopard gecko skeleton (D:4)
  A quokka skeleton (D:6)
  12 rats
  A spectral orc (D:2)
123 creatures vanquished.

Vanquished Creatures (collateral kills)
  A scorpion (D:4)
  A howler monkey (D:4)
2 creatures vanquished.

Grand Total: 125 creatures vanquished

Notes
Turn   | Place    | Note
-------+----------+-------------------------------------------
     0 | D:1      | prawnwizard the Gnoll Wizard began the quest for the Orb.
     0 | D:1      | Reached XP level 1. HP: 13/13 MP: 8/8
   482 | D:1      | Reached XP level 2. HP: 6/19 MP: 10/10
  1566 | D:2      | Reached XP level 3. HP: 18/25 MP: 8/11
  2024 | D:2      | Learned a level 2 spell: Blink
  2027 | D:2      | Learned a level 2 spell: Call Imp
  2031 | D:2      | Learned a level 3 spell: Conjure Flame
  2174 | D:2      | Learned a level 3 spell: Mephitic Cloud
  2191 | D:2      | Reached skill level 1 in Invocations
  2526 | D:2      | Reached skill level 1 in Fighting
  2526 | D:2      | Reached skill level 1 in Short Blades
  2526 | D:2      | Reached skill level 1 in Long Blades
  2526 | D:2      | Reached skill level 1 in Axes
  2526 | D:2      | Reached skill level 1 in Maces & Flails
  2526 | D:2      | Reached skill level 1 in Polearms
  2526 | D:2      | Reached skill level 1 in Staves
  2526 | D:2      | Reached skill level 1 in Slings
  2526 | D:2      | Reached skill level 1 in Bows
  2526 | D:2      | Reached skill level 1 in Crossbows
  2526 | D:2      | Reached skill level 1 in Throwing
  2526 | D:2      | Reached skill level 1 in Armour
  2526 | D:2      | Reached skill level 1 in Shields
  2526 | D:2      | Reached skill level 1 in Unarmed Combat
  2526 | D:2      | Reached skill level 1 in Evocations
  2613 | D:2      | Reached XP level 4. HP: 28/32 MP: 8/13
  2650 | D:2      | Found a basalt altar of Yredelemnul.
  2666 | D:2      | Noticed Sigmund
  2907 | D:2      | Found a deep blue altar of Sif Muna.
  2962 | D:2      | Killed Sigmund
  2962 | D:2      | Reached skill level 1 in Hexes
  2962 | D:2      | Reached skill level 1 in Charms
  2962 | D:2      | Reached skill level 1 in Necromancy
  2962 | D:2      | Reached skill level 1 in Transmutations
  2962 | D:2      | Reached skill level 1 in Fire Magic
  2962 | D:2      | Reached skill level 1 in Ice Magic
  2962 | D:2      | Reached skill level 1 in Air Magic
  2962 | D:2      | Reached skill level 1 in Earth Magic
  2962 | D:2      | Reached skill level 1 in Poison Magic
  2962 | D:2      | Reached XP level 5. HP: 18/37 MP: 4/14
  3896 | D:3      | Reached XP level 6. HP: 34/44 MP: 2/16
  4497 | D:4      | Reached skill level 5 in Dodging
  4573 | D:4      | Noticed a phantom
  4904 | D:4      | Killed a phantom
  4904 | D:4      | Reached XP level 7. HP: 34/50 MP: 5/18
  5989 | D:5      | Entered Level 5 of the Dungeon
  6264 | D:4      | Reached skill level 5 in Stealth
  6447 | D:5      | Reached XP level 8. HP: 24/57 MP: 7/19
  8362 | D:6      | Found Zin's Purification Station.
  8395 | D:6      | Found a glowing silver altar of Zin.
  8426 | D:6      | Reached skill level 8 in Spellcasting
  8467 | D:6      | Found a staircase to the Ecumenical Temple.
  8488 | Temple   | Entered the Ecumenical Temple
  8523 | Temple   | Became a worshipper of Ashenzari the Shackled
  8605 | D:6      | Shot with an arrow by a centaur

Skill      XL: |  1  2  3  4  5  6  7  8 |
---------------+-------------------------+-----
Conjurations   | 2 3 |  3.5
Summonings     | 2 3 |  3.5
Translocations | 2 3 |  3.5
Invocations    | 1 2 3 |  3.7
Fighting       | 1 2 3 |  3.4
Short Blades   | 1 2 3 |  3.4
Long Blades    | 1 2 3 |  3.4
Axes           | 1 2 3 |  3.4
Maces & Flails | 1 2 3 |  3.4
Polearms       | 1 2 3 |  3.4
Staves         | 1 2 3 |  3.4
Slings         | 1 2 3 |  3.4
Bows           | 1 2 3 |  3.4
Crossbows      | 1 2 3 |  3.4
Throwing       | 1 2 3 |  3.4
Armour         | 1 2 3 |  3.4
Shields        | 1 2 3 |  3.4
Unarmed Combat | 1 2 3 |  3.4
Evocations     | 1 2 3 |  3.4
Hexes          | 1 2 |  2.8
Charms         | 1 2 |  2.8
Necromancy     | 1 2 |  2.8
Transmutations | 1 2 |  2.8
Fire Magic     | 1 2 |  2.8
Ice Magic      | 1 2 |  2.8
Air Magic      | 1 2 |  2.8
Earth Magic    | 1 2 |  2.8
Poison Magic   | 1 2 |  2.8
Dodging        | 5 |  5.8
Stealth        | 5 |  5.4
Spellcasting   | 8 |  8.0

Action                   |  1- 3 |  4- 6 |  7- 9 || total
-------------------------+-------+-------+-------++-------
Melee: Club              |    41 |       |       ||    41
       Unarmed           |    22 |     7 |       ||    29
       Bite              |     2 |     2 |     2 ||     6
       Quarterstaff      |       |    33 |    60 ||    93
 Cast: Magic Dart        |    65 |   149 |   195 ||   409
       Call Imp          |       |    15 |     9 ||    24
       Conjure Flame     |       |     1 |     2 ||     3
       Blink             |       |       |     3 ||     3
  Use: Scroll            |     8 |       |     5 ||    13
       Potion            |       |     1 |       ||     1
 Stab: Sleeping          |     5 |     1 |       ||     6
       Distracted        |       |     1 |       ||     1
  Eat: Chunk             |     5 |     2 |     6 ||    13
       Ration            |       |     2 |     1 ||     3
Armor: Robe              |    16 |    15 |    37 ||    68
Dodge: Dodged            |    50 |    59 |   128 ||   237
